AoeStats
← kleomu

Arabia

506995238Analyzed
1v1 RM · 17d ago on Sep 16, 2026· 33m 31s· 2 players
Game mode
Random Map
Map size
Tiny (2 player)
Population
200
Speed
Normal
Resources
Standard
Victory
Conquest
Starting age
Dark Age
Ending age
Imperial Age
RankedLock teamsTeams togetherTeam positionsShared explorationLock speedFull tech treeHidden civsTurbo modeCheats
Victory
Defeat
🇹🇷 Jurchens · Türkiye
1443
+22
🇨🇴 Persians · Colombia
1575
-22
NuMa | JavierFarfan
6:06 Loom
8:33 Feudal Age
9:01 Double-Bit Axe
20:08 Castle Age
19:03 Padded Archer Armor
19:16 Horse Collar
20:04 Fletching
22:26 Town Watch
23:58 Scale Barding Armor
27:06 Bloodlines
29:05 Chain Barding Armor
kleomu
8:32 Loom
10:40 Feudal Age
15:48 Castle Age
24:58 Siege Engineers
30:19 Ballistics
31:36 Wheelbarrow
30:49 Double-Bit Axe
Connection lost

Rejoining the realm…

Still unreachable

The connection could not be restored.

Session expired

The server has moved on; the page needs a fresh start.